 Dungeon Crawl Stone Soup version 0.30-a0-1035-g38d5fb2972 (webtiles) character file.

Game seed: 5380796463315801405

49932 mdonais the Tainter (level 14, -14/84 HPs)
             Began as an Octopode Reaver on Mar 15, 2023.
             Was a High Priest of Hepliaklqana.
             Demolished by promet's ghost (28 damage)
             ... on level 4 of the Lair of Beasts on Apr 9, 2023.
             The game lasted 02:28:40 (26637 turns).

mdonais the Tainter (Octopode Reaver)              Turns: 26637, Time: 02:28:41

Health: -14/84     AC:  3    Str: 14    XL:     14   Next: 53%
Magic:  24/55      EV: 17    Int: 18    God:    Hepliaklqana [*****.]
Gold:   820        SH:  9    Dex: 17    Spells: 11/33 levels left

rFire   + + .      SeeInvis .    a - staff of poison
rCold   . . .      Faith    .    U - +3 buckler
rNeg    . . .      Spirit   .    c - +2 hood of the Assassin {Detect Stab+ Stlth++}
rPois   +          Reflect  .    z - amulet "Oddokhlus" {RegenMP Str+2}
rElec   +          Rampage  .    d - ring of magical power
rCorr   .                        w - ring "Egozofah" {rC+ Int+2}
Will    +....                    f - ring of protection from fire
Stlth   ++++++                   s - ring of magical power
HPRegen 0.34/turn                Y - ring "Netil" {Fire rElec Dex+3}
MPRegen 0.74/turn                N - ring of magical power
                                 (no ring)
                                 (no ring)

@: spewing sludge
A: reduced essence, almost no armour, amphibious, 8 rings, camouflage 1,
gelatinous body 1, (nimble swimmer 1), tentacles
a: Renounce Religion, Recall Ancestor, Ancestor Identity, Transference, Idealise


You were on level 4 of the Lair of Beasts.
You worshipped Hepliaklqana.
Hepliaklqana was extremely pleased with you.
You visited 4 branches of the dungeon, and saw 19 of its levels.
You also visited: Bailey.

You collected 2167 gold pieces.
You spent 1347 gold pieces at shops.

Inventory:

Hand Weapons
 b - a +4 vampiric spear
   (You took it off a gnoll sergeant on level 7 of the Dungeon)
 i - a +4 short sword of freezing
   (You took it off Duvessa on level 7 of the Dungeon)
 o - a +2 falchion of holy wrath
   (You took it off an orc on level 7 of the Dungeon)
 C - the +2 morningstar of Tyacw {holy, rElec rPois}
   (You found it in a bailey)

   rElec:     It insulates you from electricity.
   rPois:     It protects you from poison.
 O - the +2 dagger of Conservatism {spect, *Noise rCorr Dex-4 SInv}
   (You bought it in a shop on level 2 of the Orcish Mines)

   Dex:       It affects your dexterity (-4).
   SInv:      It lets you see invisible.
   *Noise:    It may make noises in combat.
   rCorr:     It protects you from acid and corrosion.
 S - a +3 short sword of venom
   (You took it off an orc priest on level 1 of the Orcish Mines)
Missiles
 t - 39 boomerangs (quivered)
 v - 2 javelins
 F - a curare-tipped dart
 G - 5 datura-tipped darts
 J - 2 atropa-tipped darts
 Z - a throwing net {=!f}
Armour
 c - the +2 hood of the Assassin (worn) {Detect Stab+ Stlth++}
   (You acquired it on level 11 of the Dungeon)

   Detect:    It allows the wearer to sense nearby creatures.
   Stab+:     It allows the wearer to make particularly effective stabbing
   attacks against helpless or unaware enemies with any weapon.
   Stlth:     It makes you much more stealthy.
 U - a +3 buckler (worn)
   (You took it off a gnoll sergeant on level 7 of the Dungeon)
Magical Staves
 a - a staff of poison (weapon)
   (You acquired it on level 7 of the Dungeon)
Jewellery
 d - a ring of magical power (left tentacle)
   (You took it off a goblin on level 1 of the Dungeon)
 f - a ring of protection from fire (on tentacle)
   (You found it on level 1 of the Lair of Beasts)
 g - the amulet "Erehaole" {Acrobat Harm rC+ Str+4}
   (You took it off a kobold in a bailey)

   [amulet of the acrobat]

   It increases your evasion while moving and waiting.
   Str:       It affects your strength (+4).
   rC:        It protects you from cold.
   Harm:      It increases damage dealt and taken.
 p - an amulet of reflection
   (You found it on level 5 of the Dungeon)
 s - a ring of magical power (on tentacle)
   (You found it on level 2 of the Lair of Beasts)
 w - the ring "Egozofah" (right tentacle) {rC+ Int+2}
   (You found it on level 10 of the Dungeon)

   [ring of protection from cold]

   Int:       It affects your intelligence (+2).
   rC:        It protects you from cold.
 z - the amulet "Oddokhlus" (around mantle) {RegenMP Str+2}
   (You bought it in a shop on level 2 of the Orcish Mines)

   [amulet of magic regeneration]

   It increases your rate of magic regeneration.
   Str:       It affects your strength (+2).
 N - a ring of magical power (on tentacle)
   (You bought it in a shop on level 2 of the Orcish Mines)
 Y - the ring "Netil" (on tentacle) {Fire rElec Dex+3}
   (You found it on level 11 of the Dungeon)

   [ring of fire]

   It enhances your fire magic.
   Dex:       It affects your dexterity (+3).
   rF:        It protects you from fire.
   rC:        It makes you vulnerable to cold.
   rElec:     It insulates you from electricity.
Wands
 u - a wand of mindburst (9)
   (You found it on level 5 of the Dungeon)
 y - a wand of charming (12)
   (You found it on level 6 of the Dungeon)
 D - a wand of digging (8)
   (You found it on level 11 of the Dungeon)
 E - a wand of quicksilver (4)
   (You found it on level 3 of the Lair of Beasts)
 I - a wand of iceblast (1)
   (You found it on level 2 of the Lair of Beasts)
 V - a wand of flame (14)
   (You took it off a gnoll sergeant on level 8 of the Dungeon)
Scrolls
 e - 6 scrolls of vulnerability
 k - a scroll of poison
 m - 2 scrolls of brand weapon
 q - 3 scrolls of amnesia
 r - 4 scrolls of fog
 x - 4 scrolls of enchant armour
 B - 5 scrolls of blinking
 K - 2 scrolls of immolation
 R - a scroll of torment {unknown}
 T - 2 scrolls of teleportation
 X - a scroll of noise {unknown}
Potions
 h - 2 potions of attraction
 j - 3 potions of mutation
 l - 9 potions of flight
 n - 4 potions of heal wounds
 A - 2 potions of cancellation
 H - 2 potions of haste
 L - a potion of berserk rage
 M - a potion of might
 P - a potion of invisibility
 Q - 2 potions of curing
 W - a potion of brilliance


   Skills:
 - Level 8.0 Fighting
 - Level 5.0 Short Blades
 - Level 2.0 Polearms
 - Level 8.0 Dodging
 - Level 5.0 Stealth
 - Level 5.0 Shields
 - Level 10.0 Spellcasting
 - Level 3.0 Conjurations
 - Level 1.0 Necromancy
 - Level 1.0 Translocations
 - Level 11.0 Transmutations
 - Level 8.0 Air Magic
 - Level 14.0 Poison Magic
 + Level 2.5 Invocations
 - Level 5.0 Evocations


You had 11 spell levels left.
You knew the following spells:

 Your Spells              Type           Power      Damage    Failure   Level
a - Kiss of Death         Conj/Necr      64%        2d10      4%          1
b - Momentum Strike       Conj/Tloc      32%        3d8       7%          2
c - Poisonous Vapours     Pois/Air       100%       N/A       1%          2
d - Olgreb's Toxic Radia  Pois           73%        N/A       1%          4
e - Airstrike             Air            18%        2d(3-19)  3%          4
f - Eringya's Noxious Bo  Tmut/Pois      34%        N/A       9%          6
g - Swiftness             Air            37%        N/A       1%          3

Your spell library contained the following spells:

 Spells                   Type           Power      Damage    Failure   Level
 Shock                    Conj/Air       100%       1d9       1%          1
 Sting                    Tmut/Pois      100%       1d8       1%          1
 Foxfire                  Conj/Fire      84%        2x1d8     5%          1
 Apportation              Tloc           24%        N/A       7%          1
 Necrotise                Necr           48%        1d6       7%          1
 Summon Small Mammal      Summ           36%        N/A       10%         1
 Hailstorm                Conj/Ice       14%        3d5       16%         3
 Yara's Violent Unravell  Hex/Tmut       14%        3d7       28%         5
 Call Canine Familiar     Summ           9%         N/A       30%         3
 Ozocubu's Armour         Ice            9%         N/A       30%         3
 Summon Guardian Golem    Hex/Summ       9%         N/A       30%         3
 Summon Forest            Summ/Tloc      5%         N/A       92%         5
 Summon Mana Viper        Hex/Summ       9%         N/A       95%         5
 Ozocubu's Refrigeration  Ice            4%         4d8       100%        7
 Summon Hydra             Summ           4%         N/A       100%        7


Dungeon Overview and Level Annotations

Branches:
Dungeon (12/15) Zot: 23474  Temple (1/1) D:7 Zot: 5958    Lair (4/5) D:8 Zot: 18413
  Swamp (0/4) Lair:2        Snake (0/4) Lair:2          Orc (2/2) D:12 Zot: 9585
    Elf (0/3) Orc:2        Bailey (visited)
  Slime: Lair:4-5

Altars:
Ashenzari
Cheibriados
Dithmenos
Elyvilon
Fedhas
Gozag
Hepliaklqana
Kikubaaqudgha
Makhleb
Nemelex Xobeh
Okawaru
Qazlal
Ru
Sif Muna
Trog
Uskayaw
Vehumet
Wu Jian
Xom
Yredelemnul
Zin
The Shining One

Shops:
D:12 [   Orc:1 !   Orc:2 (=[

Annotations:
D:6 exclusion: steam dragon
Lair:4 promet's ghost, journeyman OgWn


Innate Abilities, Weirdness & Mutations

Your life essence is reduced to manifest your ancestor. (-10% HP)
You cannot wear most types of armour.
You are amphibious.
You can wear up to eight rings at the same time.
Your skin changes colour to match your surroundings (Stealth+).
Your rubbery body absorbs attacks. (AC +1, EV +1)
((You are camouflaged when in or above water. (Stealth+)))
You have tentacles for arms and can constrict up to eight enemies at once.


Message History

The four-headed hydra is poisoned.
You now have 41/55 mp.
The four-headed hydra festers in the toxic bog.
The four-headed hydra looks as sick as possible!
The four-headed hydra bites Hikaru!
The four-headed hydra bites Hikaru.
The four-headed hydra bites Hikaru! x2
Hikaru barely misses the four-headed hydra.
Your noxious spew wanes.
Hikaru gestures at the four-headed hydra while chanting.
The four-headed hydra resists with almost no effort.
Casting: Airstrike (dangerous; 3% risk of failure)
Confirm with . or Enter, or press ? or * to list all spells.
Casting: Eringya's Noxious Bog (dangerous; 9% risk of failure)
Press: ? - help, Dir - look around, f - activate You feel a surge of power!
Floosh!
You fall into the toxic bog.
You spew toxic sludge!
Hikaru hits the four-headed hydra with a +0 dagger of draining!
The four-headed hydra bites Hikaru! x2
Hikaru is destroyed!
The four-headed hydra roars!
You now have 37/55 mp.
Casting: Eringya's Noxious Bog (dangerous; 9% risk of failure)
Confirm with . or Enter, or press ? or * to list all spells.
Aiming: Airstrike (dangerous; 3% risk of failure)
Press: ? - help, Dir - move target, f - four-headed hydra
Aim: a four-headed hydra (severely wounded, extremely poisoned, empty space bonus: 8/8)
The air twists around and strikes the four-headed hydra!!
You kill the four-headed hydra!
Your Invocations skill increases to level 2!
You now have 34/55 mp.
Your noxious spew wanes.
Your pack is full.
You see here a scroll labelled WURIFR KAEN.
MP restored: 55 You can't carry that many items.
Okay, then.
Unknown command.
Unknown command.
You drop 2 scrolls of enchant weapon.
X - a scroll labelled WURIFR KAEN Hikaru emerges from the mists of memory!
You swap places.
You see here a hydra corpse.
Found a runed translucent door.
Found a scroll of identify, 5 stones and 25 gold pieces.
Press: ? - help, v - describe, . - travel
Here: promet's ghost, wielding a weapon of flaming (wandering, hasn't noticed you, fire blocked by a runed translucent door) Some shallow water.
You open the door.
Hikaru hits promet's ghost but does no damage.
Hikaru misses promet's ghost.
Hikaru hits promet's ghost with a +0 dagger of draining.
Promet's ghost attacks as you move away!
Promet's ghost hits you! Promet's ghost burns you.
Hikaru gestures at promet's ghost while chanting.
Promet's ghost resists with almost no effort.
You take 18 damage, and have 66/84 hp.
MASSIVE DAMAGE!!
Casting: Airstrike (dangerous; 3% risk of failure)
Confirm with . or Enter, or press ? or * to list all spells.
Casting: Eringya's Noxious Bog (dangerous; 9% risk of failure)
Press: ? - help, Dir - look around, f - activate You feel a surge of power!
You spew toxic sludge!
Promet's ghost hits you.
Hikaru hits promet's ghost with a +0 dagger of draining. x2
You take 1 damage, and have 65/84 hp.
You now have 50/55 mp.
Casting: Eringya's Noxious Bog (dangerous; 9% risk of failure)
Confirm with . or Enter, or press ? or * to list all spells.
Aiming: Airstrike (dangerous; 3% risk of failure)
Press: ? - help, Dir - move target, f - promet's ghost
Aim: promet's ghost, wielding a weapon of flaming (lightly damaged, ally target, empty space bonus: 6/8)
The air twists around and strikes promet's ghost!
Promet's ghost is lightly damaged.
Promet's ghost hits you! Promet's ghost burns you.
Hikaru hits promet's ghost with a +0 dagger of draining!
Hikaru hits promet's ghost with a +0 dagger of draining.
You take 10 damage, and have 55/84 hp.
You now have 46/55 mp.
Casting: Airstrike (dangerous; 3% risk of failure)
Confirm with . or Enter, or press ? or * to list all spells.
Aiming: Airstrike (dangerous; 3% risk of failure)
Press: ? - help, Dir - move target, f/p - promet's ghost
Aim: promet's ghost, wielding a weapon of flaming (moderately damaged, not watching you, ally target, empty space bonus: 6/8)
The air twists around and strikes promet's ghost!!
Promet's ghost is moderately damaged.
Promet's ghost hits you!! Promet's ghost burns you.
Hikaru hits promet's ghost but does no damage.
Hikaru hits promet's ghost with a +0 dagger of draining.
You take 20 damage, and have 35/84 hp.
MASSIVE DAMAGE!!
You now have 43/55 mp.
Casting: Airstrike (dangerous; 3% risk of failure)
Confirm with . or Enter, or press ? or * to list all spells.
Aiming: Airstrike (dangerous; 3% risk of failure)
Press: ? - help, Dir - move target, f/p - promet's ghost
Aim: promet's ghost, wielding a weapon of flaming (heavily damaged, not watching you, ally target, empty space bonus: 6/8)
The air twists around and strikes promet's ghost.
Promet's ghost is heavily damaged.
Promet's ghost barely misses you.
Hikaru hits promet's ghost with a +0 dagger of draining.
Hikaru hits promet's ghost but does no damage.
You now have 40/55 mp.
Casting: Airstrike (dangerous; 3% risk of failure)
Confirm with . or Enter, or press ? or * to list all spells.
Aiming: Airstrike (dangerous; 3% risk of failure)
Press: ? - help, Dir - move target, f/p - promet's ghost
Aim: promet's ghost, wielding a weapon of flaming (heavily damaged, ally target, empty space bonus: 6/8)
The air twists around and strikes promet's ghost!
Promet's ghost is heavily damaged.
Promet's ghost closely misses you.
Hikaru misses promet's ghost.
Hikaru hits promet's ghost with a +0 dagger of draining!
You now have 37/55 mp.
Casting: Airstrike (dangerous; 3% risk of failure)
Confirm with . or Enter, or press ? or * to list all spells.
Aiming: Airstrike (dangerous; 3% risk of failure)
Press: ? - help, Dir - move target, f/p - promet's ghost
Aim: promet's ghost, wielding a weapon of flaming (severely damaged, ally target, empty space bonus: 6/8)
The air twists around and strikes promet's ghost but does no damage.
Promet's ghost hits you!!
* * * LOW HITPOINT WARNING * * *
Promet's ghost burns you.
* * * LOW HITPOINT WARNING * * *
Hikaru hits promet's ghost with a +0 dagger of draining.
Hikaru hits promet's ghost but does no damage.
You take 23 damage, and have 13/84 hp.
MASSIVE DAMAGE!!
You now have 33/55 mp.
Casting: Airstrike (dangerous; 3% risk of failure)
Confirm with . or Enter, or press ? or * to list all spells.
Aiming: Airstrike (dangerous; 3% risk of failure)
Press: ? - help, Dir - move target, f/p - promet's ghost
Aim: promet's ghost, wielding a weapon of flaming (severely damaged, ally target, empty space bonus: 6/8)
The air twists around and strikes promet's ghost!
Promet's ghost is severely damaged.
You block promet's ghost's attack.
Hikaru hits promet's ghost but does no damage.
Hikaru barely misses promet's ghost.
You now have 30/55 mp.
Casting: Airstrike (dangerous; 3% risk of failure)
Confirm with . or Enter, or press ? or * to list all spells.
Aiming: Airstrike (dangerous; 3% risk of failure)
Press: ? - help, Dir - move target, f/p - promet's ghost
Aim: promet's ghost, wielding a weapon of flaming (severely damaged, not watching you, ally target, empty space bonus: 6/8)
The air twists around and strikes promet's ghost but does no damage.
Promet's ghost completely misses you.
Hikaru hits promet's ghost with a +0 dagger of draining. x2
You now have 27/55 mp.
Casting: Airstrike (dangerous; 3% risk of failure)
Confirm with . or Enter, or press ? or * to list all spells.
Aiming: Airstrike (dangerous; 3% risk of failure)
Press: ? - help, Dir - move target, f/p - promet's ghost
Aim: promet's ghost, wielding a weapon of flaming (severely damaged, ally target, empty space bonus: 6/8)
The air twists around and strikes promet's ghost.
Promet's ghost is severely damaged.
Promet's ghost hits you!!
You die...

#........##......†. ...........##
#........###....... ............#
#......#####.......
............#####....# #........
............P####...## ###......
............# #.#.### #.#.....
............## #..########...#.#.
#............# #.~R#....?#†..####
#......<.....###@W.'~~≈≈(#....###
#.............##...#....$#..P#..#
##...........###P#########.....##
###.....####.#### #[...........#
#.#....# # #............#
###...## #..).........# ##..P##
#.#........... #...P#
####.......... ##...##
###..........#


You could see the friendly Hikaru the hexer and promet's ghost (ally target).

Vanquished Creatures
  An orc warlord (Orc:1)
  A deep elf annihilator (D:10)
  Josephine (Lair:4)
  Erolcha (D:12)
  A hydra (Lair:4)
  5 death yaks (Lair:2)
  A two-headed ogre (D:6)
  A boulder beetle (D:12)
  3 orc high priests (Orc:2)
  3 skeletal warriors (D:11)
  3 orc knights (Orc:2)
  3 orc sorcerers
  A cyclops (D:12)
  A manticore (D:12)
  An elephant (Lair:4)
  Joseph (D:7)
  4 black mambas
  2 cane toads
  3 rime drakes
  5 komodo dragons
  An unseen horror (D:10)
  A troll (Orc:1)
  A tyrant leech (Lair:2)
  6 blink frogs
  2 dream sheep (Lair:2)
  A slime creature (D:10)
  4 wraiths
  3 wyverns
  19 yaks
  A basilisk (Lair:4)
  3 steam dragons
  2 vampire mosquitoes (D:12)
  A warg (Orc:1)
  3 nagas (Lair:2)
  9 water moccasins
  A swamp worm (Lair:2)
  Duvessa (D:7)
  A swamp drake (D:8)
  36 orc warriors
  2 black bears
  2 sky beasts
  5 ogres
  16 wolves
  3 centaurs
  3 kobold brigands
  5 bullfrogs
  3 gnoll sergeants
  5 scorpions
  8 wights
  Dowan (D:7)
  A killer bee (D:8)
  3 howler monkeys
  A gnoll bouda (D:9)
  A jelly (D:6)
  3 hounds
  16 orc priests
  Crazy Yiuf (D:7)
  3 iguanas
  20 orc wizards
  4 hell rats (Lair:3)
  Robin (D:2)
  19 gnolls
  5 adders
  A white imp (D:7)
  2 ufetubi
  A worm (D:3)
  89 orcs
  7 ball pythons
  9 bats
  8 endoplasms
  7 giant cockroaches
  27 goblins
  8 hobgoblins
  9 jackals
  27 kobolds
  2 quokkas
  8 frilled lizards
  7 rats
481 creatures vanquished.

Vanquished Creatures (collateral kills)
  An orc warlord (Orc:2)
  A two-headed ogre (D:10)
  An orc high priest (Orc:2)
  A death yak (Lair:2)
  A skeletal warrior (D:11)
  An orc knight (Orc:1)
  An orc sorcerer (Orc:2)
  A cyclops (Orc:1)
  A manticore (D:11)
  2 elephants (Lair:4)
  An unseen horror (D:10)
  3 cane toads
  A rime drake (Lair:3)
  2 trolls
  A hornet (D:9)
  3 blink frogs
  3 dream sheep (Lair:2)
  A vampire (D:11)
  A wraith (Lair:4)
  7 yaks
  A shadow (D:9)
  4 wyverns
  A basilisk (D:8)
  5 water moccasins
  7 orc warriors
  2 ice beasts
  A sky beast (D:8)
  9 wolves
  A centaur (D:8)
  12 bullfrogs
  A gnoll sergeant (D:8)
  5 orc priests
  5 orc wizards
  A hell rat (Lair:3)
  4 gnolls
  13 orcs
  A kobold (D:9)
107 creatures vanquished.

Vanquished Creatures (others)
  An orc priest (D:8)
  9 ancestors
  13 hexers
  An orc (D:8)
  16 fungi
  39 plants
79 creatures vanquished.

Grand Total: 667 creatures vanquished

Notes
Turn   | Place    | Note
-------+----------+-------------------------------------------
     0 | D:1      | mdonais the Octopode Reaver began the quest for the Orb.
     0 | D:1      | Reached XP level 1. HP: 14/14 MP: 3/3
    78 | D:1      | Reached skill level 1 in Stealth
   169 | D:1      | Reached XP level 2. HP: 17/19 MP: 5/5
   172 | D:1      | Learned a level 2 spell: Momentum Strike
   703 | D:1      | Reached skill level 1 in Necromancy
   818 | D:1      | Reached XP level 3. HP: 24/24 MP: 6/6
  1704 | D:2      | Reached skill level 1 in Translocations
  1853 | D:2      | Noticed Robin
  1937 | D:2      | Reached XP level 4. HP: 26/30 MP: 7/7
  2352 | D:2      | Killed Robin
  2485 | D:2      | Learned a level 2 spell: Poisonous Vapours
  2538 | D:2      | Reached XP level 5. HP: 31/36 MP: 8/8
  2840 | D:3      | Found a burning altar of Makhleb.
  3764 | D:4      | Reached XP level 6. HP: 39/39 MP: 9/9
  4092 | D:4      | Reached skill level 1 in Air Magic
  4092 | D:4      | Reached skill level 1 in Poison Magic
  4155 | D:4      | Reached skill level 2 in Poison Magic
  4576 | D:4      | Reached skill level 3 in Poison Magic
  5107 | D:4      | Reached XP level 7. HP: 48/48 MP: 4/10
  6019 | D:5      | Entered Level 5 of the Dungeon
  6358 | D:5      | Found a glowing silver altar of Zin.
  6359 | D:5      | Found a snail-covered altar of Cheibriados.
  6360 | D:5      | Found a bloodstained altar of Trog.
  6962 | D:6      | Noticed a two-headed ogre
  6976 | D:6      | Reached skill level 4 in Poison Magic
  7018 | D:6      | Reached skill level 5 in Short Blades
  7018 | D:6      | Reached XP level 8. HP: 54/54 MP: 11/11
  7039 | D:6      | Reached skill level 5 in Fighting
  7115 | D:6      | Reached skill level 5 in Stealth
  7231 | D:6      | Found an ancient bone altar of Kikubaaqudgha.
  7232 | D:6      | Found a radiant altar of Vehumet.
  7315 | D:6      | Reached skill level 1 in Evocations
  7845 | D:6      | Found a glowing golden altar of the Shining One.
  7890 | D:6      | Killed a two-headed ogre
  7891 | D:6      | Reached skill level 5 in Poison Magic
  7891 | D:6      | Reached XP level 9. HP: 39/64 MP: 9/13
  8263 | D:6      | Learned a level 6 spell: Eringya's Noxious Bog
  8616 | D:7      | Noticed Duvessa
  8616 | D:7      | Noticed Dowan
  8674 | D:7      | Found a staircase to the Ecumenical Temple.
  8679 | Temple   | Entered the Ecumenical Temple
  8679 | Temple   | Found a transporter.
  8679 | Temple   | Found a transporter.
  8681 | Temple   | Found a transporter.
  8681 | Temple   | Found a transporter.
  8691 | Temple   | Upgraded the game from 0.30-a0-883-g5ad918d77d to
                  | 0.30-a0-1035-g38d5fb2972
  8706 | Temple   | Became a worshipper of Hepliaklqana the Forgotten
  8924 | D:7      | Found a flagged portal.
  8931 | Bailey   | Entered a bailey
  9058 | Bailey   | Identified the amulet "Erehaole" {Acrobat Harm rC+ Str+4}
  9172 | Bailey   | Reached skill level 6 in Poison Magic
  9641 | Bailey   | Identified the +2 morningstar of Tyacw {holy, rElec rPois}
 10217 | D:7      | Learned a level 3 spell: Swiftness
 10264 | D:7      | Killed Dowan
 10269 | D:7      | Killed Duvessa
 10270 | D:7      | Reached skill level 7 in Poison Magic
 10347 | D:7      | Reached skill level 5 in Spellcasting
 10503 | D:7      | Found a stormy altar of Qazlal.
 10509 | D:7      | Reached XP level 10. HP: 72/72 MP: 17/17
 10533 | D:7      | Reached * piety under Hepliaklqana
 10640 | D:7      | Found a runed translucent door.
 10641 | D:7      | Noticed Crazy Yiuf
 10649 | D:7      | Killed Crazy Yiuf
 10807 | D:7      | Noticed Joseph
 10826 | D:7      | Killed Joseph
 11234 | D:7      | Reached skill level 8 in Poison Magic
 11234 | D:7      | Identified a scroll of acquirement
 11236 | D:7      | Acquired a staff of poison
 11502 | D:8      | Reached skill level 1 in Shields
 11768 | D:8      | Found a broken altar of Ashenzari.
 12432 | D:8      | Reached skill level 9 in Poison Magic
 12451 | D:8      | Reached skill level 1 in Polearms
 12612 | D:8      | Found a shimmering altar of Xom.
 12642 | D:8      | Reached skill level 5 in Dodging
 12699 | D:8      | Learned a level 4 spell: Olgreb's Toxic Radiance
 13118 | D:8      | Reached XP level 11. HP: 69/69 MP: 20/20
 13230 | D:8      | Found a staircase to the Lair.
 13351 | D:9      | Reached skill level 10 in Poison Magic
 13454 | D:9      | Found an opulent altar of Gozag.
 13477 | D:9      | Reached skill level 1 in Transmutations
 14079 | D:9      | Found a basalt altar of Yredelemnul.
 14151 | D:9      | Reached ** piety under Hepliaklqana
 14152 | D:9      | Remembered your ancestor Hikaru as a hexer
 14641 | D:10     | Entered Level 10 of the Dungeon
 14780 | D:10     | You fall into a shaft and drop 2 floors!
 14883 | D:12     | Noticed a cyclops
 15006 | D:12     | Learned a level 4 spell: Airstrike
 15018 | D:12     | Killed a cyclops
 15135 | D:12     | Noticed Erolcha
 15190 | D:10     | Noticed an orc sorcerer
 15301 | D:10     | Identified the ring "Egozofah" {rC+ Int+2}
 15315 | D:10     | Found a sparkling altar of Nemelex Xobeh.
 15483 | D:10     | Reached skill level 5 in Air Magic
 15621 | D:10     | Noticed a wizard
 15782 | D:10     | Noticed a deep elf annihilator
 15795 | D:10     | Killed a deep elf annihilator
 15796 | D:10     | Reached skill level 5 in Transmutations
 15939 | D:10     | Got Sif Muna's Secrets of the Alluring Dragon
 15959 | D:10     | Killed an orc sorcerer
 16176 | D:10     | Noticed a two-headed ogre
 16183 | D:10     | Killed a two-headed ogre
 16447 | Lair:1   | Entered Level 1 of the Lair of Beasts
 16481 | Lair:1   | Reached *** piety under Hepliaklqana
 16547 | Lair:1   | Reached XP level 12. HP: 73/73 MP: 18/22
 17058 | Lair:1   | Reached skill level 11 in Poison Magic
 17800 | Lair:2   | Reached skill level 12 in Poison Magic
 18320 | Lair:2   | Noticed a death yak
 18320 | Lair:2   | Noticed a death yak
 18320 | Lair:2   | Noticed a death yak
 18327 | Lair:2   | Killed a death yak
 18328 | Lair:2   | Noticed a death yak
 18347 | Lair:2   | Killed a death yak
 18362 | Lair:2   | Killed a death yak
 18562 | Lair:2   | Reached **** piety under Hepliaklqana
 18713 | Lair:2   | Found a staircase to the Snake Pit.
 18942 | Lair:2   | Found a staircase to the Swamp.
 19154 | Lair:2   | Noticed a death yak
 19155 | Lair:2   | Noticed a death yak
 19169 | Lair:2   | Killed a death yak
 19169 | Lair:2   | Killed a death yak
 19170 | Lair:2   | Reached skill level 10 in Transmutations
 19170 | Lair:2   | Reached skill level 13 in Poison Magic
 19170 | Lair:2   | Reached XP level 13. HP: 76/79 MP: 6/25
 20608 | Lair:3   | Found a shadowy altar of Dithmenos.
 21818 | D:11     | Identified the ring "Netil" {Fire rElec Dex+3}
 21932 | D:11     | Reached ***** piety under Hepliaklqana
 22374 | D:11     | Acquired the +2 hood of the Assassin {Detect Stab+ Stlth++}
 22374 | D:11     | Found the +2 hood of the Assassin {Detect Stab+ Stlth++}
 22664 | D:12     | Found a staircase to the Orcish Mines.
 22666 | D:12     | Found Bipnix's Armour Emporium.
 22995 | D:12     | Killed Erolcha
 22996 | D:12     | Reached skill level 14 in Poison Magic
 23096 | Orc:1    | Entered Level 1 of the Orcish Mines
 23498 | Orc:2    | Entered Level 2 of the Orcish Mines
 23893 | Orc:2    | Found a staircase to the Elven Halls.
 24092 | Orc:2    | Reached skill level 10 in Spellcasting
 24168 | Orc:2    | Reached XP level 14. HP: 64/84 MP: 14/28
 24512 | Orc:2    | Reached skill level 5 in Shields
 24640 | Orc:2    | Noticed an orc warlord
 24650 | Orc:2    | Killed an orc warlord
 24812 | Orc:2    | Reached skill level 5 in Evocations
 25195 | Orc:2    | Found Fetieh's Antique Armour Shoppe.
 25199 | Orc:2    | Found Xiuschuu's General Store.
 25199 | Orc:2    | Found Howufubb's Jewellery Shoppe.
 25199 | Orc:2    | Found Niosiak's Antique Weapon Emporium.
 25290 | Orc:2    | Bought the amulet "Oddokhlus" {RegenMP Str+2} for 618 gold
                  | pieces
 25290 | Orc:2    | Bought a ring of magical power for 300 gold pieces
 25312 | Orc:2    | Bought a jewelled dagger for 189 gold pieces
 25312 | Orc:2    | Identified the +2 dagger of Conservatism {spect, *Noise
                  | rCorr Dex-4 SInv} (You bought it in a shop on level 2 of
                  | the Orcish Mines)
 25398 | Orc:1    | Noticed an orc warlord
 25398 | Orc:1    | Found Deapas's Distillery.
 25408 | Orc:1    | Killed an orc warlord
 25518 | Orc:1    | Bought a potion of cancellation for 120 gold pieces
 25518 | Orc:1    | Bought a potion of invisibility for 120 gold pieces
 26477 | Lair:4   | Noticed Josephine
 26483 | Lair:4   | Killed Josephine
 26484 | Lair:4   | Reached skill level 1 in Invocations
 26622 | Lair:4   | Found a runed translucent door.
 26623 | Lair:4   | Noticed promet's ghost (journeyman OgWn)
 26637 | Lair:4   | Demolished by promet's ghost

Illustrated notes

Levels and vault maps discovered:
D:1:      lightli_iron_boxes, layout_basic, serial_bayou_pond_b
D:2:      layout_loops_ring, uniq_robin
D:3:      layout_rooms, mainiacjoe_overflow_chevrons, minmay_misc_feat_rows,
          lexackson_kobold_supper
D:4:      layout_basic
D:5:      layout_rooms, chequers_temple_overflow_statue_of_worship
D:6:      layout_rooms, nicolae_tso_carved_into_rock,
          gammafunk_temple_overflow_pools
D:7:      layout_basic, mainiacjoe_overflow_tiny_flanked,
          minmay_temple_entry_arrows, enter_bailey_3,
          nicolae_concentric_dashed_squares_wild, uniq_joseph, uniq_duvessa,
          uniq_crazy_yiuf_cottage
D:8:      layout_basic, marbit_many_paths, xom_confusion_cloud, erik_lair_dragon
D:9:      layout_irregular_city, grunt_gozag_statues, overflow_temple_1_default,
          kennysheep_generic_room_12
D:10:     cheibrodos_wizards_tower, layout_basic, nemelex_diamond_rough_becter,
          st_stairs_10
D:11:     layout_irregular_city
D:12:     layout_roguey, orc_david_3, uniq_erolcha
Temple:   hellmonk_temple_divided_pantheon
Lair:1:   layout_regular_city, lemuel_fruit_tree, grunt_megastairs_5
Lair:2:   layout_roguey, minmay_swamp_entry_worms, guppyfry_snake_entry_island
Lair:3:   layout_loops_ring, basic_altar
Lair:4:   layout_cave_pods, ebering_ghost_reflecting_pool, uniq_josephine
Orc:1:    layout_caves, serial_shops, shop
Orc:2:    st_orc_congregation, layout_caves

Skill      XL: |  1  2  3  4  5  6  7  8  9 10 11 12 13 14 |
---------------+-------------------------------------------+-----
Stealth        | 1 2 3 4 5 |  5.0
Necromancy     | 1 |  1.0
Translocations | 1 |  1.0
Fighting       | 4 7 8 |  8.0
Short Blades   | 4 5 |  5.0
Air Magic      | 2 3 4 6 7 8 |  8.0
Poison Magic   | 3 4 5 7 9 10 13 14 | 14.0
Dodging        | 4 5 8 |  8.0
Evocations     | 2 3 5 |  5.0
Spellcasting   | 3 5 6 7 8 10 | 10.0
Shields        | 4 5 |  5.0
Polearms       | 2 |  2.0
Transmutations | 7 10 11 | 11.0
Invocations    | 2 |  2.5
Conjurations   | |  3.0

Action                     |  1- 3 |  4- 6 |  7- 9 | 10-12 | 13-15 || total
---------------------------+-------+-------+-------+-------+-------++-------
  Melee: Short sword       |    11 |       |     2 |     9 |       ||    22
         Constrict         |    12 |    33 |    21 |    13 |     6 ||    85
         Tentacles         |    13 |    26 |    18 |    15 |     5 ||    77
         Dagger            |    54 |   144 |    87 |     6 |       ||   291
         Punch             |       |     1 |     1 |     2 |       ||     4
         Spear             |       |       |       |    12 |       ||    12
         Staff             |       |       |       |    37 |    22 ||    59
         Falchion          |       |       |       |     8 |       ||     8
  Throw: Boomerang         |       |       |    33 |    37 |     2 ||    72
         Dart              |       |       |     1 |     4 |     2 ||     7
         Javelin           |       |       |       |     3 |       ||     3
   Cast: Momentum Strike   |     7 |     6 |    19 |     4 |       ||    36
         Kiss of Death     |       |     1 |     2 |       |       ||     3
         Poisonous Vapours |       |    32 |   176 |   186 |    98 ||   492
         Olgreb's Toxic Ra |       |       |       |    60 |    58 ||   118
         Airstrike         |       |       |       |    49 |    93 ||   142
         Eringya's Noxious |       |       |       |     3 |    33 ||    36
         Swiftness         |       |       |       |       |     1 ||     1
 Invoke: Ancestor Identity |       |       |       |     1 |       ||     1
         Recall Ancestor   |       |       |       |     2 |     1 ||     3
         Ancestor Life: He |       |       |       |     1 |       ||     1
  Evoke: Wand              |       |       |     8 |     1 |       ||     9
    Use: Scroll            |       |     2 |     7 |     8 |     6 ||    23
         Potion            |       |     2 |     6 |       |     2 ||    10
   Stab: Sleeping          |     5 |    11 |       |     2 |       ||    18
         Distracted        |       |       |       |     4 |       ||     4
 Armour: Skin              |     6 |     9 |     8 |     4 |     1 ||    28
  Dodge: Dodged            |    27 |    59 |    63 |    30 |    22 ||   201
  Block: Other             |       |       |    31 |       |       ||    31
         Reflection        |       |       |     4 |    10 |     2 ||    16
         Buckler           |       |       |       |    33 |    20 ||    53

Table legend: (Time is in decaauts)
 A = Elapsed time spent in this place.
 B = Non-inter-level travel time spent in this place.
 C = Inter-level travel time spent in this place.
 D = Time resting spent in this place.
 E = Time spent auto-exploring this place.
 F = Levels seen in this place.
 G = Mean time per level.
                   A        B        C        D        E       F      G
               +--------+--------+--------+--------+--------+-----+--------+
         Total |  26609 |  25009 |   1600 |   4193 |  13956 |  20 | 1330.4 |
       Dungeon |  17507 |  16306 |   1201 |   1863 |  10117 |  12 | 1458.9 |
        Temple |     41 |     41 |      0 |      0 |      0 |   1 |   41.0 |
          Lair |   5585 |   5325 |    260 |   1571 |   2729 |   4 | 1396.2 |
  Orcish Mines |   2414 |   2275 |    139 |    312 |   1002 |   2 | 1207.0 |
        Bailey |   1060 |   1060 |      0 |    447 |    108 |   1 | 1060.0 |
               +--------+--------+--------+--------+--------+-----+--------+

Top non-repeatable levels by time:
     D:4: 2507 daAuts
     D:8: 2300 daAuts
  Lair:2: 2204 daAuts
   Orc:2: 1994 daAuts
     D:7: 1670 daAuts
     D:1: 1666 daAuts
     D:6: 1623 daAuts
  Lair:1: 1595 daAuts
    D:10: 1511 daAuts
    D:12: 1183 daAuts
     D:9: 1174 daAuts
    D:11: 1063 daAuts
  Bailey: 1060 daAuts
  Lair:3: 1045 daAuts
     D:5: 984 daAuts
